Map: Caverne nascoste

Players

Jhyrachy - Winner!

  • Race: Zerg Zerg
  • League: Gold

RalleKing - Winner!

  • Race: Protoss Protoss
  • League: Gold

Vallvet - Winner!

  • Race: Zerg Zerg
  • League: Bronze

ChiefOfficer - Winner!

  • Race: Terran Terran

Stich

  • Race: Protoss Protoss
  • League: Silver

keiko

  • Race: Terran Terran

dodz

  • Race: Protoss Protoss

pdk

  • Race: Zerg Zerg

VOD

Have the link to the VOD?

Description

Time

  • Played on: May 22, 2016, 5:02 p.m.
  • Length: 26:07
Show
View Real Time Build Order
Export as new Build Order

Jhyrachy Zerg - Winner!

Build Orders: Pool First, Lurkers 

Get SALT Encoding   

  12  0:04  Drone  
  13  0:14  Drone  
  14  0:31  Spawning Pool  
  13  0:55  Drone  
  14  0:57  Extractor  
  14  0:59  Drone  
  14  1:00  Extractor  
  14  1:01  Overlord  
  13  1:12  Drone  
  15  1:22  Queen  
  15  1:24  Drone  
  18  1:31  Drone  
  19  1:52  Drone  
  19  1:53  Drone  
  21  2:10  Lair  
  21  2:11  Drone  
  21  2:12  Overlord  
  21  2:15  Hatchery  
  22  2:30  Drone  
  22  2:32  Extractor  
  22  2:33  Drone x3  
  22  2:36  Drone  
  25  2:56  Evolution Chamber  
  24  3:03  Drone  
  24  3:04  Drone x4  
  29  3:18  Hydralisk Den  
  28  3:23  Overlord, Drone  
  29  3:31  Queen  
  29  3:34  Drone x2  
  33  3:39  Zerg Missile Weapons Level 1  
  33  3:43  Evolution Chamber  
  33  3:46  Lurker Den  
  32  3:56  Drone x4  
  32  3:59  Overlord  
  36  4:22  Extractor  
  36  4:23  Drone x3  
  36  4:24  Extractor, Drone x4  
  41  4:34  Zerg Ground Armor Level 1  
  41  4:38  Queen  
  43  4:40  Drone x2  
  45  4:51  Drone x7  
  52  4:55  Overlord  
  52  5:32  Spore Crawler, Hydralisk x4  
  52  5:35  Overlord x4  
  59  5:38  Zerg Missile Weapons Level 2  
  59  5:50  Infestation Pit  
  58  5:58  Muscular Augments  
  58  6:03  Lurker x2  
  60  6:10  Lurker x2  
  62  6:12  Hydralisk x3  
  68  6:42  Zergling x2  
  69  6:49  Zerg Ground Armor Level 2, Hive  
  69  7:05  Spore Crawler  
  68  7:10  Spore Crawler  
  68  7:11  Spore Crawler  
  68  7:14  Spore Crawler  
  65  7:16  Hydralisk  
  65  7:17  Hydralisk x5  
  65  7:19  Spore Crawler  
  71  7:53  Spore Crawler  
  66  8:01  Zerg Missile Weapons Level 3  
  66  8:17  Drone x3  
  66  8:18  Spore Crawler, Drone x4  
  72  8:20  Drone x3  
  72  8:22  Queen  
  77  8:45  Lurker x3  
  80  8:50  Lurker x2  
  80  8:52  Lurker  
  80  8:53  Lurker  
  84  8:57  Overlord  
  84  8:58  Overlord x2  
  84  9:00  Hatchery  
  83  9:15  Queen  
  85  9:38  Pneumatized Carapace, Overseer  
  85  9:45  Hydralisk x3  
  85  9:46  Hydralisk x8  
  107  10:13  Zerg Ground Armor Level 3  
  103  11:31  Queen  
  105  12:03  Extractor  
  105  12:04  Extractor  
  101  13:26  Overlord x5  
  101  13:27  Overlord x3  
  101  13:33  Zerg Melee Weapons Level 1  
  101  13:36  Metabolic Boost  
  101  13:50  Lurker x2  
  101  13:51  Lurker x8  
  111  14:01  Hydralisk x4  
  111  14:02  Hydralisk x19  
  137  14:04  Hydralisk  
  134  14:55  Adrenal Glands  
  134  15:12  Overlord  
  134  15:13  Overlord x4  
  134  15:15  Swarm Host  
  134  15:16  Swarm Host x8  
  161  15:38  Spore Crawler  
  160  15:50  Queen  
  160  15:56  Extractor  
  161  16:07  Spine Crawler  
  161  16:08  Hatchery  
  159  16:15  Spore Crawler  
  159  16:26  Queen  
  161  16:39  Nydus Network  
  160  16:40  Overseer x2  
  160  16:41  Overseer  
  152  17:43  Zerg Melee Weapons Level 2  
  149  17:58  Spine Crawler  
  149  18:00  Spore Crawler  
  149  18:02  Spine Crawler  
  149  18:05  Spine Crawler  
  144  18:07  Spore Crawler  
  142  18:14  Nydus Canal  
  142  18:16  Queen  
  142  18:18  Drone x3  
  147  18:34  Nydus Canal  
  147  18:51  Queen  
  131  19:10  Lurker x3  
  131  19:11  Lurker  
  135  19:21  Extractor  
  134  20:11  Swarm Host x3  
  143  20:20  Nydus Canal  
  142  21:05  Extractor  
  139  21:17  Drone  
  139  21:18  Drone x2  
  142  21:19  Extractor  
  142  21:21  Drone x3  
  142  21:23  Extractor  
  143  21:28  Drone  
  143  21:29  Drone x14  
  143  21:48  Nydus Canal  
  143  22:11  Swarm Host  
  143  22:12  Swarm Host x13  
  143  22:32  Hatchery  
  143  22:42  Zerg Melee Weapons Level 3  
  143  22:49  Nydus Canal  
  143  25:35  Nydus Network  
Show
View Real Time Build Order
Export as new Build Order

RalleKing Protoss - Winner!

Build Orders: Dark Templar Rush 

Get SALT Encoding   

  12  0:09  Pylon  
  12  0:13  Probe (Chrono Boost)  
  13  0:28  Gateway  
  13  0:31  Probe (Chrono Boost)  
  14  0:39  Assimilator  
  14  0:43  Assimilator  
  14  0:47  Probe (Chrono Boost)  
  15  0:58  Probe (Chrono Boost)  
  16  1:09  Probe (Chrono Boost)  
  17  1:15  Cybernetics Core  
  17  1:20  Probe (Chrono Boost)  
  18  1:31  Probe (Chrono Boost)  
  19  1:42  Probe (Chrono Boost)  
  20  1:52  Twilight Council  
  20  2:02  Warp Gate (Chrono Boost)  
  20  2:18  Robotics Facility  
  20  2:20  Probe  
  21  2:29  Dark Shrine  
  21  2:32  Probe  
  22  2:45  Probe  
  23  2:53  Gateway x2  
  23  3:01  Gateway  
  23  3:14  Pylon  
  23  3:17  Pylon  
  23  3:31  Warp Prism (Chrono Boost)  
  25  3:34  Pylon  
  25  3:52  Pylon  
  25  3:58  Pylon  
  25  4:17  Dark Templar x2  
  25  4:18  Dark Templar  
  25  4:19  Dark Templar  
  33  4:52  Dark Templar x2  
  37  4:53  Zealot x2  
  41  5:21  Stalker x2  
  41  5:35  Zealot x2  
  23  6:44  Stargate  
  23  6:47  Probe (Chrono Boost), Pylon  
  23  6:53  Nexus  
  24  6:56  Assimilator  
  24  6:58  Probe (Chrono Boost)  
  24  7:00  Assimilator  
  25  7:08  Forge  
  25  7:11  Nexus, Mothership Core (Chrono Boost)  
  25  7:13  Assimilator  
  27  7:17  Assimilator  
  27  7:42  Photon Cannon  
  27  7:46  Photon Cannon  
  27  7:49  Photon Cannon  
  27  7:52  Photon Cannon  
  27  8:11  Fleet Beacon  
  27  8:14  Probe (Chrono Boost)  
  27  8:15  Probe (Chrono Boost)  
  29  8:24  Probe (Chrono Boost)  
  29  8:25  Probe x2 (Chrono Boost)  
  32  8:30  Protoss Air Weapons Level 1 (Chrono Boost)  
  32  8:33  Probe (Chrono Boost)  
  32  8:35  Probe (Chrono Boost)  
  34  8:46  Stargate  
  34  8:53  Stargate  
  34  8:56  Probe  
  34  8:57  Probe x2  
  37  9:06  Probe  
  37  9:08  Probe  
  37  9:09  Probe  
  40  9:23  Graviton Catapult (Chrono Boost)  
  37  9:51  Carrier (Chrono Boost)  
  37  9:52  Carrier (Chrono Boost)  
  48  10:34  Carrier (Chrono Boost)  
  53  10:54  Pylon  
  50  11:01  Probe (Chrono Boost)  
  50  11:02  Probe (Chrono Boost)  
  50  11:04  Carrier (Chrono Boost)  
  58  11:12  Probe (Chrono Boost)  
  58  11:15  Probe (Chrono Boost)  
  60  11:22  Probe (Chrono Boost)  
  60  11:23  Protoss Air Weapons Level 2 (Chrono Boost)  
  62  11:26  Probe (Chrono Boost)  
  62  11:31  Protoss Shields Level 1 (Chrono Boost)  
  62  11:33  Probe  
  62  11:37  Probe  
  64  11:45  Probe (Chrono Boost)  
  65  11:49  Cybernetics Core  
  65  11:50  Probe (Chrono Boost)  
  66  11:57  Probe (Chrono Boost)  
  67  12:03  Probe (Chrono Boost)  
  68  12:13  Carrier (Chrono Boost)  
  74  12:35  Protoss Air Armor Level 1 (Chrono Boost)  
  74  12:52  Nexus  
  74  12:56  Assimilator  
  74  13:09  Pylon  
  74  13:11  Pylon  
  74  13:25  Carrier  
  80  13:33  Pylon  
  80  13:38  Pylon  
  80  13:54  Carrier  
  86  14:18  Carrier  
  92  14:31  Probe  
  92  14:32  Probe  
  92  14:33  Probe  
  95  14:42  Probe  
  95  14:45  Probe x2  
  98  14:57  Probe  
  99  15:25  Tempest  
  99  15:26  Tempest  
  107  15:43  Tempest  
  91  16:05  Stargate  
  91  16:07  Stargate  
  91  16:08  Tempest  
  91  16:09  Photon Cannon, Stargate  
  95  16:11  Pylon  
  95  16:14  Stargate  
  95  16:36  Nexus  
  95  16:37  Photon Cannon  
  95  16:39  Pylon  
  95  16:43  Photon Cannon  
  95  16:56  Photon Cannon  
  95  17:10  Photon Cannon  
  95  17:13  Photon Cannon  
  95  17:29  Carrier  
  101  17:42  Protoss Air Weapons Level 3 (Chrono Boost)  
  101  17:47  Probe  
  101  17:48  Probe  
  101  17:49  Probe  
  104  18:32  Tempest  
  104  18:33  Tempest  
  82  19:34  Carrier  
  82  19:35  Carrier x2  
  100  20:37  Probe  
  101  20:44  Probe  
  101  20:45  Probe  
  101  20:48  Probe  
  104  20:54  Probe  
  105  20:57  Probe  
  105  20:58  Probe  
  105  21:00  Carrier x2  
  119  21:05  Probe  
  119  21:09  Probe x2  
  122  21:15  Probe  
  123  21:19  Probe  
  123  21:21  Probe  
  125  21:26  Probe  
  125  21:33  Probe  
Show
View Real Time Build Order
Export as new Build Order

Vallvet Zerg - Winner!

Build Orders: Pool First 

Get SALT Encoding   

  12  0:21  Spawning Pool  
  12  0:27  Overlord  
  11  0:31  Drone  
  12  0:36  Drone  
  12  0:41  Drone  
  14  1:08  Zergling x2  
  15  1:13  Zergling x4  
  15  1:18  Queen  
  19  1:23  Extractor  
  19  1:24  Zergling x2  
  19  1:34  Zergling x2  
  20  1:46  Zergling x2  
  21  1:54  Drone  
  22  2:25  Overlord  
  22  2:28  Overlord  
  22  2:36  Overlord  
  20  3:18  Drone x3  
  19  3:29  Drone  
  20  3:39  Extractor  
  19  3:52  Hatchery  
  18  3:56  Drone x2  
  18  3:59  Hatchery  
  19  4:03  Drone x4  
  19  4:04  Hatchery  
  22  4:10  Metabolic Boost  
  22  4:30  Zergling x4  
  24  4:33  Zergling x2  
  24  4:34  Zergling x4  
  27  4:38  Lair  
  27  4:42  Drone  
  28  4:53  Zergling x2  
  29  5:00  Zergling x2  
  29  5:01  Zergling x4  
  32  5:10  Evolution Chamber  
  32  5:12  Evolution Chamber x2  
  32  5:13  Drone  
  30  5:16  Drone  
  30  5:21  Drone  
  32  5:22  Drone  
  32  5:28  Drone  
  34  5:31  Drone  
  35  5:37  Drone  
  36  5:46  Drone x2  
  36  5:49  Drone x2  
  40  5:53  Drone  
  40  5:54  Drone  
  33  6:14  Zerg Melee Weapons Level 1  
  33  6:16  Zerg Ground Armor Level 1, Zerg Missile Weapons Level 1  
  33  6:18  Zergling x2  
  33  6:19  Zergling x4  
  33  6:20  Zergling x2  
  33  6:23  Drone  
  33  6:25  Drone  
  39  6:27  Drone  
  39  6:29  Drone  
  39  6:32  Drone  
  42  6:33  Drone  
  42  6:35  Drone  
  42  6:37  Drone  
  42  6:39  Drone  
  46  6:46  Drone  
  47  6:47  Drone  
  47  6:51  Zergling x8  
  52  6:58  Zergling x6  
  48  7:12  Spore Crawler  
  48  7:13  Spore Crawler  
  48  7:14  Spore Crawler  
  48  7:15  Spore Crawler  
  44  7:17  Spore Crawler  
  44  7:18  Spore Crawler  
  42  7:24  Spore Crawler x2  
  42  7:26  Spore Crawler  
  39  7:34  Spore Crawler  
  38  7:38  Drone x2  
  38  7:40  Overlord  
  38  7:43  Overlord  
  40  8:01  Drone x4  
  40  8:02  Drone x3  
  47  8:10  Drone x3  
  50  8:15  Drone x2  
  50  8:16  Drone  
  50  8:19  Drone  
  54  8:21  Drone  
  54  8:23  Drone  
  56  8:30  Overlord  
  56  8:40  Overlord x2  
  56  8:44  Overlord x2  
  56  8:48  Overlord x2  
  56  8:54  Zergling x6  
  56  8:55  Zergling x4  
  60  8:57  Zergling x2  
  60  8:59  Zergling x2  
  63  9:03  Zerg Melee Weapons Level 2  
  63  9:07  Zerg Missile Weapons Level 2  
  63  9:13  Zerg Ground Armor Level 2  
  63  9:16  Drone x2  
  65  9:18  Drone  
  65  9:20  Drone  
  65  9:21  Drone  
  65  9:22  Drone  
  69  9:26  Drone  
  69  9:27  Drone x2  
  72  9:33  Extractor  
  72  9:34  Extractor  
  70  9:38  Zergling x4  
  70  9:39  Zergling x6  
  70  9:41  Drone  
  70  9:42  Drone x2  
  70  9:43  Drone  
  70  9:44  Extractor x2, Drone  
  78  9:46  Extractor  
  77  10:12  Extractor  
  77  10:13  Drone x3  
  79  10:15  Drone x3  
  79  10:19  Drone x3  
  85  10:33  Hydralisk Den  
  83  10:38  Baneling Nest  
  83  10:42  Spire  
  77  10:49  Zergling x2  
  77  10:50  Zergling x10  
  77  10:51  Zergling x2  
  77  10:56  Zergling x6  
  76  10:59  Zergling x2  
  76  11:00  Zergling x4  
  76  11:02  Zergling x4  
  76  11:03  Zergling x2  
  68  11:08  Hydralisk  
  68  11:11  Hydralisk  
  50  11:19  Hydralisk x3  
  48  11:28  Hydralisk  
  48  11:29  Hydralisk x2  
  48  11:31  Hydralisk x2  
  52  11:53  Hydralisk  
  52  11:54  Hydralisk  
  44  11:59  Drone x3  
  49  12:12  Hatchery, Drone  
  49  12:14  Queen  
  51  12:18  Hydralisk x2  
  51  12:19  Hydralisk  
  57  12:26  Hydralisk x3  
  57  12:29  Hydralisk  
  65  12:33  Hydralisk  
  67  12:40  Hydralisk  
  69  12:44  Hydralisk  
  69  12:47  Hydralisk  
  69  12:50  Queen  
  75  12:52  Hydralisk  
  77  13:04  Hydralisk x2  
  81  13:08  Hydralisk  
  83  13:14  Hydralisk  
  83  13:15  Hydralisk  
  83  13:19  Hydralisk  
  89  13:28  Muscular Augments  
  89  13:37  Infestation Pit, Hydralisk  
  90  13:41  Hydralisk  
  92  13:52  Drone x3  
  92  13:54  Drone x2  
  97  14:07  Hydralisk  
  99  14:10  Hydralisk x2  
  99  14:14  Hydralisk  
  99  14:16  Hydralisk  
  107  14:19  Hydralisk  
  109  14:25  Hydralisk  
  109  14:27  Hydralisk  
  109  14:38  Hydralisk  
  111  14:41  Drone  
  111  14:43  Overlord  
  62  15:35  Drone x4  
  54  15:36  Drone x2  
  54  15:48  Hive  
  54  15:54  Drone x2  
  54  15:55  Drone  
  57  15:58  Drone x2  
  59  16:33  Drone x3  
  59  16:35  Drone x4  
  66  17:04  Zerg Melee Weapons Level 3, Zerg Missile Weapons Level 3, Zerg Ground Armor Level 3  
  66  17:05  Ultralisk Cavern  
  65  17:34  Hydralisk x4  
  65  17:35  Hydralisk x2  
  77  17:38  Hydralisk x3  
  77  17:42  Hydralisk  
  77  17:43  Hydralisk x5  
  77  17:44  Hydralisk x5  
  93  17:45  Hydralisk  
  107  17:56  Ultralisk x2  
  119  17:58  Overlord  
  119  18:05  Overlord x2  
  119  18:17  Overlord x4  
  119  18:18  Overlord x2  
  119  18:24  Ultralisk  
  125  18:33  Ultralisk  
  131  18:42  Ultralisk  
  137  18:51  Ultralisk  
  143  18:56  Chitinous Plating  
  90  20:02  Ultralisk x3  
  90  20:03  Ultralisk x4  
  132  20:21  Ultralisk  
  138  20:23  Ultralisk  
  144  20:33  Ultralisk  
  150  20:44  Ultralisk  
  156  21:04  Ultralisk  
  156  21:05  Ultralisk  
Show
View Real Time Build Order
Export as new Build Order

ChiefOfficer Terran - Winner!

Build Orders: MMM Bio 

Get SALT Encoding   

  12  0:03  SCV  
  13  0:15  SCV  
  13  0:21  Supply Depot  
  14  0:27  SCV  
  15  0:39  Refinery  
  16  0:42  SCV  
  16  0:49  Barracks  
  16  0:55  SCV  
  17  1:08  SCV  
  18  1:21  Barracks  
  18  1:24  SCV  
  19  1:33  Barracks  
  19  1:36  Supply Depot  
  19  1:47  Marine  
  20  1:56  SCV  
  21  2:05  Marine  
  21  2:08  SCV  
  23  2:14  Barracks  
  23  2:16  Barracks Reactor  
  23  2:27  Marine  
  23  2:28  Marine  
  25  2:32  Orbital Command  
  25  2:51  Barracks Tech Lab  
  25  2:55  Marine x3  
  27  3:08  Marine  
  28  3:13  Marine, Stimpack  
  28  3:17  Marauder  
  31  3:23  SCV  
  31  3:27  Barracks Reactor  
  32  3:30  Barracks Reactor  
  32  3:36  Marine x2  
  32  3:37  Marine  
  35  3:51  Engineering Bay  
  35  4:01  Marine, Marauder  
  35  4:02  Marine  
  39  4:14  Supply Depot  
  39  4:36  Marine x2, Missile Turret  
  41  4:41  Hi-Sec Auto Tracking  
  41  4:43  Marauder  
  41  4:44  Marine x2  
  45  4:48  Marine  
  45  4:52  Marine  
  47  4:55  Command Center  
  47  5:03  Missile Turret  
  47  5:04  Marauder  
  49  5:13  Concussive Shells  
  49  5:16  SCV  
  50  5:28  Missile Turret  
  39  5:56  Combat Shields  
  27  6:29  Marine  
  27  6:30  Marine x6  
  30  6:38  Missile Turret  
  30  6:47  Marine  
  30  6:48  Marine x6  
  37  6:58  Missile Turret  
  37  7:00  Refinery  
  37  7:03  Building Armor  
  37  7:05  Marine x3  
  37  7:06  Marine x4  
  44  7:13  Orbital Command  
  44  7:20  Missile Turret  
  44  7:23  Marine x3  
  47  7:50  Marine x5  
  52  8:09  Marine x4  
  52  8:10  Marine x2  
  58  8:41  Factory  
  58  8:48  Marine x3  
  58  8:49  Marine x4  
  65  8:59  SCV  
  66  9:06  Marine x3  
  66  9:09  Terran Infantry Armor Level 1  
  69  9:11  SCV  
  69  9:14  Command Center  
  70  9:19  Engineering Bay  
  70  9:21  Marine  
  70  9:22  Marine x3  
  74  9:34  Armory  
  74  9:47  Widow Mine  
  76  9:53  Terran Infantry Weapons Level 1  
  76  9:58  Missile Turret  
  76  10:16  Widow Mine  
  63  11:02  Marine  
  63  11:03  Marine x6  
  70  11:14  Factory Tech Lab  
  70  11:20  Marine  
  70  11:21  Marine x6, Terran Infantry Armor Level 2  
  70  11:22  Starport  
  77  11:38  Marine  
  77  11:39  Marine x4  
  78  12:10  Marine x5  
  78  12:11  Marine x2  
  78  12:14  SCV  
  85  12:21  Starport Reactor  
  85  12:24  Terran Infantry Weapons Level 2  
  85  12:26  SCV  
  86  12:38  SCV  
  86  12:41  Refinery, Missile Turret  
  87  12:50  SCV  
  88  13:00  Medivac x2  
  88  13:02  SCV  
  88  13:03  Missile Turret  
  93  13:14  Supply Depot  
  93  13:17  Drilling Claws  
  93  13:24  Missile Turret  
  93  13:36  SCV  
  93  13:38  Supply Depot  
  94  13:46  Marine x3  
  94  13:47  Marine  
  99  13:48  SCV  
  99  13:55  Orbital Command  
  99  14:00  Supply Depot  
  99  14:12  Viking x2  
  103  14:22  Supply Depot  
  105  14:24  Marauder  
  105  14:25  Marine  
  105  14:27  Marine  
  109  14:45  Marauder  
  110  15:07  Marauder  
  68  15:27  Marine x4  
  74  15:28  Marauder  
  74  15:35  SCV  
  75  15:48  SCV  
  78  15:50  Marauder  
  78  16:00  SCV  
  78  16:12  SCV  
  78  16:13  Marine x2  
  78  16:14  Marine x5  
  86  16:25  Terran Infantry Armor Level 3, Terran Infantry Weapons Level 3  
  86  16:28  Medivac x2  
  86  16:31  Marine x3  
  86  16:32  Marine  
  94  16:33  Marine x3  
  94  16:39  Refinery  
  97  16:49  Marine x3  
  97  16:50  Marine x3  
  97  16:51  Marine  
  104  16:58  Medivac x2  
  108  17:07  Marine x3  
  108  17:08  Marine x4  
  75  17:25  Marine x4  
  75  17:26  Marine x2  
  63  17:49  Marine x3  
  63  17:50  Marine x4  
  64  18:07  Marine  
  64  18:09  Marine x6  
  71  18:21  Medivac x2  
  71  18:25  Marine  
  71  18:26  Marine x2  
  77  18:29  Marine  
  77  18:30  Marine x2  
  77  18:31  Marine  
  82  18:42  Marine  
  82  18:44  Marine x2  
  82  18:47  Marine  
  82  18:48  Marine x2  
  88  18:49  Marine  
  88  18:51  Medivac x2  
  93  19:00  Marine  
  93  19:02  Marine x2  
  96  19:05  Marine x2  
  96  19:06  Marine  
  96  19:07  Marine  
  97  19:18  Marine  
  97  19:20  Marine x2  
  97  19:23  Marine x3  
  96  19:24  Marine  
  91  19:36  Marine  
  89  19:42  Marine  
  78  20:06  Marine  
  79  20:07  Marine x6  
  85  20:24  Marine  
  85  20:25  Marine x6  
  91  20:42  Marine x5  
  91  20:43  Marine x2  
  91  20:48  Medivac x2  
  101  21:00  Marine x5  
  106  21:18  Medivac x2  
Show
View Real Time Build Order
Export as new Build Order

Stich Protoss 

Build Orders: 1 Gate Expand, Double Forge 

Get SALT Encoding   

  12  0:02  Probe (Chrono Boost)  
  13  0:13  Probe (Chrono Boost)  
  14  0:24  Probe (Chrono Boost)  
  15  0:32  Pylon  
  15  0:53  Gateway  
  15  0:55  Assimilator  
  15  0:58  Probe (Chrono Boost)  
  17  1:18  Probe (Chrono Boost)  
  17  1:19  Nexus  
  17  1:29  Probe (Chrono Boost)  
  17  1:32  Pylon  
  18  1:39  Probe (Chrono Boost)  
  19  1:48  Cybernetics Core  
  19  1:53  Assimilator  
  19  2:07  Forge  
  19  2:11  Probe (Chrono Boost)  
  20  2:22  Zealot  
  22  2:27  Mothership Core (Chrono Boost)  
  23  2:32  Probe (Chrono Boost)  
  24  2:43  Probe (Chrono Boost)  
  25  2:47  Pylon  
  25  2:53  Probe (Chrono Boost)  
  24  3:11  Probe (Chrono Boost)  
  24  3:12  Zealot  
  27  3:17  Probe (Chrono Boost)  
  27  3:18  Gateway  
  28  3:21  Probe (Chrono Boost)  
  29  3:28  Probe (Chrono Boost)  
  29  3:32  Probe (Chrono Boost)  
  31  3:38  Probe (Chrono Boost)  
  32  3:42  Probe (Chrono Boost)  
  32  3:46  Forge  
  33  3:49  Probe (Chrono Boost)  
  33  3:53  Probe (Chrono Boost)  
  33  3:55  Assimilator  
  35  3:58  Probe (Chrono Boost)  
  35  3:59  Warp Gate (Chrono Boost)  
  36  4:04  Probe  
  36  4:08  Probe  
  37  4:16  Probe  
  39  4:19  Probe  
  39  4:24  Pylon  
  40  4:29  Probe  
  41  4:31  Photon Cannon  
  41  4:37  Photon Cannon  
  41  4:40  Probe  
  42  4:50  Probe  
  43  4:54  Photon Cannon  
  43  4:56  Photon Cannon  
  43  5:01  Probe  
  43  5:03  Photon Cannon  
  44  5:11  Probe  
  39  5:17  Photon Cannon  
  39  5:22  Probe  
  40  5:33  Probe  
  39  5:40  Gateway  
  35  5:43  Probe  
  36  5:52  Gateway  
  36  5:55  Gateway  
  36  6:01  Stalker x2  
  33  6:26  Probe  
  33  6:31  Stalker x2  
  37  6:34  Probe  
  37  6:37  Probe  
  39  6:43  Pylon  
  39  6:46  Probe  
  40  6:47  Probe  
  41  6:58  Probe  
  41  6:59  Probe  
  43  7:03  Assimilator  
  43  7:04  Protoss Ground Weapons Level 1 (Chrono Boost)  
  43  7:06  Stalker  
  43  7:08  Stalker x2, Probe  
  47  7:09  Stalker  
  47  7:11  Probe, Stalker  
  55  7:19  Probe  
  56  7:23  Probe  
  56  7:29  Probe  
  43  7:35  Probe  
  45  7:43  Pylon  
  45  7:46  Stalker  
  47  7:54  Pylon  
  47  8:09  Robotics Facility  
  47  8:11  Robotics Facility  
  47  8:15  Robotics Facility  
  47  8:16  Pylon  
  47  8:18  Nexus  
  47  8:21  Assimilator  
  47  8:26  Assimilator  
  47  8:28  Stalker x3  
  47  8:29  Stalker x2  
  57  8:41  Pylon  
  57  8:47  Pylon  
  57  8:48  Pylon  
  57  8:58  Twilight Council  
  57  9:01  Observer  
  58  9:05  Observer  
  58  9:08  Observer  
  60  9:10  Stalker x2  
  60  9:11  Stalker  
  60  9:12  Stalker  
  60  9:13  Stalker  
  70  9:18  Protoss Ground Armor Level 1 (Chrono Boost)  
  70  9:24  Pylon  
  70  9:28  Probe  
  71  9:38  Adept, Probe  
  73  9:39  Adept x2  
  73  9:40  Adept x2  
  82  9:49  Probe  
  83  9:59  Probe, Robotics Bay  
  83  10:02  Adept, Pylon  
  83  10:03  Adept x3  
  83  10:04  Adept  
  94  10:10  Probe  
  95  10:26  Dark Shrine  
  66  11:32  Colossus  
  66  11:37  Colossus  
  78  11:41  Colossus  
  74  11:59  Stalker x2, Extended Thermal Lance (Chrono Boost)  
  74  12:00  Stalker x2  
  74  12:01  Stalker  
  78  12:15  Probe  
  79  12:24  Stalker  
  79  12:25  Stalker x2  
  79  12:26  Colossus (Chrono Boost), Probe, Stalker  
  79  12:27  Stalker  
  96  12:37  Colossus (Chrono Boost), Probe  
  108  12:38  Colossus (Chrono Boost)  
  109  12:47  Probe  
  109  12:48  Stalker x2  
  109  12:50  Stalker  
  109  12:51  Stalker  
  118  12:52  Stalker  
  118  12:58  Probe  
  121  13:12  Stalker  
  123  13:14  Adept x3  
  123  13:15  Observer (Chrono Boost)  
  130  13:26  Colossus (Chrono Boost)  
  136  13:43  Stalker  
  136  13:44  Stalker  
  140  14:11  Protoss Ground Weapons Level 2  
  140  14:13  Observer (Chrono Boost)  
  141  14:34  Pylon  
  141  14:42  Pylon  
  141  14:48  Probe  
  144  14:55  Colossus (Chrono Boost)  
  144  14:59  Probe  
  148  15:00  Colossus (Chrono Boost)  
  141  15:10  Probe  
  124  15:20  Probe  
  72  15:24  Dark Templar  
  72  15:25  Dark Templar x2  
  72  15:26  Dark Templar x2  
  83  15:30  Colossus (Chrono Boost)  
  83  15:31  Probe  
  94  15:53  Colossus (Chrono Boost)  
  94  16:03  Dark Templar x2  
  98  16:04  Dark Templar x2  
  98  16:05  Dark Templar  
  94  16:22  Archon  
  94  16:23  Archon  
  94  16:38  Stalker  
  102  16:43  Colossus (Chrono Boost)  
  102  16:47  Stalker  
  102  16:50  Nexus  
  104  16:57  Pylon  
  104  17:08  Protoss Ground Weapons Level 3 (Chrono Boost)  
  94  18:01  Colossus  
  94  18:05  Colossus  
  94  18:06  Colossus  
  94  18:10  Dark Templar x3  
  118  18:27  Stalker x2  
  121  18:43  Stalker  
  121  18:44  Stalker x2  
  127  18:58  Stalker  
  127  18:59  Stalker  
Show
View Real Time Build Order
Export as new Build Order

keiko Terran 

Build Orders: MMM Bio 

Get SALT Encoding   

  12  0:02  SCV  
  13  0:15  Supply Depot  
  13  0:18  SCV  
  14  0:30  SCV  
  15  0:42  Barracks  
  15  0:44  SCV  
  16  0:54  Barracks  
  16  0:58  SCV  
  17  1:11  SCV  
  18  1:19  Refinery  
  18  1:29  Orbital Command  
  18  1:33  Marine  
  18  1:38  Refinery  
  19  1:57  Command Center  
  19  2:03  Marine  
  19  2:04  Marine  
  20  2:21  Marine  
  20  2:22  Marine  
  22  2:39  Marine x2  
  22  2:58  Command Center  
  20  3:24  SCV  
  21  3:36  SCV  
  21  3:39  Marine  
  23  3:48  Supply Depot  
  23  3:54  Barracks Tech Lab  
  23  3:57  Barracks Tech Lab  
  23  4:03  Barracks  
  23  4:04  Factory  
  24  4:10  SCV  
  24  4:22  SCV  
  24  4:23  Marine x2  
  23  4:28  Stimpack  
  23  4:29  Engineering Bay  
  23  4:30  Combat Shields  
  23  4:34  SCV  
  24  4:40  Marine x2  
  26  4:46  SCV  
  27  4:58  SCV, Planetary Fortress  
  28  5:04  Missile Turret  
  28  5:10  SCV  
  29  5:22  SCV  
  29  5:54  Marine x2  
  29  5:55  Marauder  
  29  6:12  Marine  
  29  6:13  Marauder  
  29  6:16  Marine, SCV  
  29  6:18  SCV  
  35  6:28  SCV  
  35  6:30  Marine, SCV  
  38  6:34  Marauder x2  
  42  6:40  SCV  
  42  6:44  Refinery x2, SCV  
  44  6:48  Marine  
  44  6:52  SCV  
  46  7:16  SCV  
  46  7:17  Starport  
  46  7:18  Marauder  
  46  7:20  SCV  
  46  7:22  Supply Depot x2  
  46  7:23  Barracks Reactor  
  46  7:28  Marauder  
  46  7:29  SCV  
  49  7:32  SCV  
  45  7:39  Marine  
  45  7:41  SCV  
  47  7:44  SCV  
  47  7:49  Marine  
  49  7:53  SCV  
  46  8:07  Medivac  
  46  8:10  Marauder x2  
  46  8:12  Marine x2  
  53  8:16  Factory Tech Lab  
  54  8:30  Marine x2  
  54  8:31  Marauder x2  
  60  8:47  Marine  
  60  8:48  Marine  
  62  8:52  Marauder  
  62  8:53  Terran Infantry Weapons Level 1, Marauder  
  66  8:58  Engineering Bay  
  66  9:01  Armory  
  66  9:03  Starport Tech Lab  
  66  9:05  Marine  
  66  9:06  Marine  
  68  9:14  Marauder  
  70  9:19  Supply Depot  
  70  9:21  Supply Depot  
  70  9:23  Marine x2, Marauder  
  74  9:35  Marauder  
  76  9:41  Marine x2  
  76  9:44  Marauder  
  80  9:46  Raven  
  82  9:57  Marauder  
  82  9:59  Marine x2  
  86  10:05  Marauder  
  88  10:18  Marauder  
  90  10:27  Marauder  
  92  10:39  Marine  
  88  10:48  Marauder  
  80  10:51  Marine  
  80  10:52  Marine  
  80  10:55  Terran Infantry Weapons Level 2  
  71  10:57  Terran Infantry Armor Level 1, Marauder  
  71  11:00  Medivac  
  75  11:09  Marine  
  75  11:10  Marine, Marauder  
  79  11:18  Marine  
  80  11:27  Marine x2  
  80  11:30  Marine, Medivac  
  60  11:36  Marine  
  61  11:45  Marine x2  
  63  11:48  Marine  
  63  11:49  Thor  
  63  11:54  Marine  
  70  12:00  Medivac  
  73  12:03  Marine x2  
  73  12:06  Marine  
  76  12:12  Starport, Command Center, Marauder  
  78  12:17  Starport  
  78  12:20  Marine  
  78  12:21  Marine  
  79  12:24  Marauder  
  78  12:30  Medivac  
  78  12:33  Marauder  
  82  12:38  Marine  
  82  12:39  Marine  
  84  12:46  Marauder  
  84  12:47  Fusion Core  
  86  12:55  Marauder  
  88  13:00  Medivac  
  90  13:08  Marauder  
  90  13:10  Marine x2  
  94  13:14  Starport Tech Lab  
  94  13:15  Starport Tech Lab  
  94  13:16  Marauder  
  96  13:21  Supply Depot  
  96  13:25  Supply Depot  
  96  13:27  Marine  
  96  13:28  Marine  
  96  13:30  Banshee, Marauder  
  96  13:31  Planetary Fortress  
  103  13:38  Marauder  
  105  13:45  Marine  
  105  13:46  Marine  
  107  13:51  Marauder  
  109  13:59  Marauder  
  111  14:03  Marine  
  111  14:04  Marine  
  113  14:13  Banshee, Marauder  
  118  14:21  Marauder  
  120  14:34  Marauder  
  79  14:55  Raven  
  79  14:58  Marauder x2  
  79  14:59  Marine  
  79  15:00  Marine  
  81  15:17  Marine  
  81  15:18  Marine  
  81  15:19  Marauder  
  81  15:20  Marauder  
  85  15:35  Marine  
  82  15:36  Marine  
  82  15:40  Marauder  
  82  15:41  Marauder  
  88  15:53  Marine x2  
  79  16:02  Marauder x2  
  81  16:11  Marine x2  
  82  16:16  Thor  
  82  16:17  Medivac  
  91  16:23  Marauder  
  91  16:24  Marauder  
  95  16:28  Refinery  
  95  16:29  Marine x2  
  95  16:30  Refinery  
  97  16:44  Marine  
  97  16:45  Marine  
  97  16:46  Marine  
  100  16:47  Marine, Medivac  
  101  17:02  Marine x2  
  68  17:17  Medivac  
  68  17:20  Marine x2  
  65  17:46  Marine x4  
  65  17:47  Medivac  
  71  18:03  Marine  
  71  18:04  Marine x3  
  75  18:06  Barracks  
  75  18:08  Barracks  
  75  18:12  Barracks  
  75  18:15  Barracks  
  75  18:17  Medivac  
  75  18:18  Barracks x2  
  77  18:20  Barracks  
  77  18:21  Marine  
  77  18:22  Marine x3  
  81  18:38  Terran Infantry Armor Level 2, Terran Infantry Weapons Level 3  
  81  18:39  Marine  
  81  18:40  Marine x3  
  85  18:57  Marine  
  85  18:58  Marine  
  69  19:10  Marine  
  69  19:11  Marine x4  
  69  19:13  Marine  
  75  19:18  Marine x5  
  80  19:28  Marine  
  80  19:29  Marine x4  
  85  19:31  Marine  
  85  19:35  Marine  
  85  19:36  Marine x3  
  91  19:43  Medivac  
  92  19:46  Marine x4  
  92  19:47  Marine  
  92  19:49  Marine  
  98  19:53  Marine  
  98  19:54  Marine x2  
  77  20:04  Marine  
  69  20:07  Marine  
  69  20:11  Marine  
  69  20:12  Marine x2  
  69  20:13  Medivac  
  63  20:25  Marine  
  55  20:29  Marine x2  
  55  20:30  Marine  
  39  20:42  Marine  
  39  20:43  Medivac  
  39  20:47  Marine x3  
  39  20:49  Thor  
  50  21:00  Marine  
  41  21:04  Marine  
  41  21:05  Marine x2  
  31  21:13  Medivac  
  17  21:18  Marine  
  17  21:22  Marine  
  17  21:23  Marine x2  
  21  21:41  Marine  
  21  21:59  Marine  
Show
View Real Time Build Order
Export as new Build Order

dodz Protoss 

Build Orders:  

Get SALT Encoding   

  12  0:02  Probe (Chrono Boost)  
  13  0:13  Probe (Chrono Boost)  
  14  0:30  Pylon  
  14  0:31  Probe (Chrono Boost)  
  15  0:47  Assimilator  
  15  0:48  Probe (Chrono Boost)  
  16  0:52  Assimilator  
  16  0:59  Probe (Chrono Boost), Gateway  
  17  1:13  Gateway  
  17  1:34  Pylon  
  17  1:36  Pylon  
  17  1:47  Zealot  
  19  1:55  Forge  
  19  2:05  Zealot  
  21  2:15  Gateway  
  21  2:19  Cybernetics Core  
  19  3:12  Zealot  
  21  3:13  Zealot x2  
  25  3:31  Warp Gate  
  25  3:39  Stalker  
  25  3:40  Stalker  
  29  3:44  Stalker  
  31  3:56  Gateway  
  31  3:57  Gateway  
  31  4:00  Gateway  
  31  4:09  Pylon  
  31  4:14  Pylon  
  31  4:28  Probe (Chrono Boost)  
  32  4:38  Probe (Chrono Boost)  
  33  4:49  Probe (Chrono Boost)  
  22  4:59  Probe (Chrono Boost)  
Show
View Real Time Build Order
Export as new Build Order

pdk Zerg 

Build Orders: Hatch First 

Get SALT Encoding   

  12  0:29  Hatchery  
  12  0:34  Drone  
  12  0:53  Extractor, Drone x3  
  14  1:13  Spawning Pool  
  14  1:14  Drone  
  14  1:23  Overlord  
  14  1:45  Drone x3  
  17  1:54  Extractor  
  16  2:04  Spine Crawler  
  15  2:09  Spine Crawler  
  15  2:13  Spine Crawler  
  13  2:22  Queen  
  15  2:33  Drone x2  
  17  2:51  Drone  
  17  2:52  Drone x3  
  21  3:09  Lair  
  21  3:17  Drone  
  21  3:18  Drone x2  
  24  3:35  Drone x4  
  28  3:42  Overlord  
  28  4:08  Spire  
  27  4:22  Drone x2  
  27  4:24  Hatchery  
  28  4:39  Extractor  
  28  4:41  Drone  
  28  4:42  Drone x4  
  32  4:51  Overseer  
  32  4:59  Spore Crawler  
  31  5:03  Pneumatized Carapace  
  31  5:31  Mutalisk x2  
  31  5:33  Overlord x2  
  35  5:39  Mutalisk  
  35  5:40  Mutalisk  
  39  5:48  Mutalisk  
  41  5:58  Mutalisk x2  
  45  6:34  Mutalisk x2  
  49  6:46  Drone x3  
  52  7:32  Mutalisk x4  
  54  7:49  Mutalisk x2  
  50  8:03  Zergling x8  
  50  8:14  Extractor  
  50  8:18  Zergling x2  
  50  8:19  Overlord x2  
  50  8:24  Zerg Flyer Weapons Level 1  
  50  8:29  Overlord x2  
  50  8:43  Corruptor x2  
  50  8:47  Zergling x2  
  55  8:59  Drone x3  
  58  9:08  Drone  
  58  9:09  Drone x3  
  62  9:12  Mutalisk  
  64  9:24  Zergling x4  
  66  9:32  Overlord x3  
  66  9:54  Mutalisk x6  
  78  10:00  Corruptor  
  78  10:01  Corruptor  
  72  10:18  Zerg Flyer Armor Level 1  
  58  10:45  Zergling x12  
  58  10:46  Mutalisk  
  58  10:47  Mutalisk x2  
  66  11:04  Zergling x2  
  66  11:05  Zergling x2  
  68  11:13  Mutalisk  
  68  11:14  Mutalisk  
  68  11:17  Zergling x4  
  69  11:52  Zergling x12  
  50  12:13  Zergling x2  
  50  12:14  Zergling x2  
  50  12:16  Zergling x6  
  53  12:26  Hatchery  
  53  12:29  Hatchery  
  51  12:38  Hatchery  
  51  12:40  Hatchery  
  51  12:41  Drone x2  
  51  12:42  Hatchery  
  50  12:44  Hatchery  
  50  12:51  Metabolic Boost  
  49  13:02  Drone x2  
  49  13:28  Zergling x12  
  55  13:54  Zergling x6  
  55  13:55  Zergling x2  
  59  13:59  Hatchery  
  58  14:04  Mutalisk  
  58  14:05  Mutalisk  
  62  14:18  Zergling x6  
  62  14:19  Zergling x6  
  68  14:33  Zergling x8  
  68  14:34  Zergling x2  
  73  14:41  Corruptor  
  75  14:51  Corruptor  
  46  15:17  Mutalisk  
  46  15:18  Mutalisk x4  
  55  15:37  Mutalisk  
  55  15:38  Mutalisk x2  
  57  15:51  Corruptor x3  
  59  16:00  Zergling x6  
  62  16:10  Corruptor  
  62  16:11  Corruptor  
  56  16:31  Corruptor x2  
  56  16:32  Corruptor  
  62  16:33  Extractor  
  62  16:34  Extractor  
  60  16:42  Drone x3  
  62  16:57  Corruptor x2  
  62  16:59  Corruptor  
  66  17:11  Corruptor  
  68  17:27  Corruptor x2  
  68  17:28  Corruptor  
  74  17:49  Corruptor x3  
  80  17:58  Corruptor x2  
  84  18:14  Hatchery  
  83  18:21  Corruptor  
  85  18:30  Zerg Flyer Weapons Level 2  
  48  19:18  Corruptor  
  24  19:40  Extractor, Drone  
  24  19:41  Drone x5  
  24  19:42  Extractor  
  28  19:56  Corruptor x2  
  32  20:46  Zerg Flyer Armor Level 2  
Tags
 
Add a new tag
Caveats
  • Supply blocks, unpowered buildings, or Contaminate may cause inaccurate times.
  • Supply counts are checked every 10 seconds.